 Dungeon Sprint DCSS version 0.21.2 (webtiles) character file.

475 Fang the Fighter (level 7, -13/78 HPs)
             Began as a Gargoyle Berserker on Sept 24, 2018.
             Was a High Priest of Trog.
             Mangled by a sea snake (16 damage)
             ... in the Dungeon (Sprint VII: "The Pits").
             The game lasted 00:02:46 (789 turns).

Fang the Fighter (Gargoyle Berserker)                Turns: 789, Time: 00:02:47

Health: -13/78     AC: 17    Str: 27    XL:     7   Next: 10%
Magic:  7/7        EV: 10    Int:  8    God:    Trog [*****.]
Gold:   0          SH:  0    Dex:  9    Spells: 6/6 levels left

rFire    . . .     SeeInvis .   m - +2 hand axe (chop)
rCold    . . .     Gourm    .   (no shield)
rNeg     + . .     Faith    .   n - +3 chain mail
rPois    ∞         Spirit   .   (no helmet)
rElec    +         Reflect  .   (no cloak)
rCorr    .         Harm     .   (no gloves)
MR       .....     NoTele   +   (no boots)
Stlth    ..........             (no amulet)
HPRegen  0.23/turn              (no ring)
MPRegen  0.10/turn              (no ring)

@: berserking, very quick
A: negative energy resistance 1, electricity resistance, unbreathing,
petrification resistance, rot immunity, AC +4
a: Berserk, Trog's Hand, Brothers in Arms, Burn Spellbooks, Renounce Religion


You were in the Dungeon.
You worshipped Trog.
Trog was extremely pleased with you.
You were very hungry.

You visited 1 branch

Inventory:

Hand Weapons
 j - a +2 hand axe
 m - a +2 hand axe of chopping (weapon)
Armour
 n - a +3 chain mail (worn)
Scrolls
 i - a scroll of blinking
 k - 3 scrolls of remove curse
 l - a scroll of summoning
Potions
 a - 2 potions of invisibility
 d - 6 potions of curing
 e - 6 potions of heal wounds
 f - a potion of haste
 g - 4 potions of magic
 h - 3 potions of berserk rage
Comestibles
 c - 9 rations


   Skills:
 + Level 9.6 Fighting
 + Level 9.3 Axes
 + Level 5.7 Armour
 + Level 4.5 Dodging
 + Level 2.1 Stealth


You had 6 spell levels left.
You didn't know any spells.

Dungeon Overview and Level Annotations

Branches:
Dungeon (1/1)

Altars:
Cheibriados
Dithmenos
Elyvilon
Fedhas
Gozag
Hepliaklqana
Makhleb
Nemelex Xobeh
Okawaru
Qazlal
Ru
Sif Muna
Trog
Vehumet
Wu Jian
Xom
Yredelemnul
Zin
The Shining One
Beogh
Jiyva
Lugonu


Innate Abilities, Weirdness & Mutations

You are resistant to torment.
Your stone body is resilient. (AC +4)
You are immune to poison.
You resist negative energy. (rN+)
You are resistant to electric shocks. (rElec)
You can survive without breathing.
You are immune to petrification.
You are immune to rotting.


Message History

* * * LOW HITPOINT WARNING * * *
You are feeling very hungry.
You closely miss the sea snake.
The sea snake is moderately wounded.
You miss the sea snake.
The sea snake is moderately wounded.
The sea snake bites you!
* * * LOW HITPOINT WARNING * * *
You slash the sea snake!
The sea snake is heavily wounded.
The sea snake barely misses you.
You hit the sea snake.
The sea snake is severely wounded.
You miss the sea snake.
The sea snake is severely wounded.
The sea snake closely misses you.
You slash the sea snake!
The sea snake is almost dead.
The sea snake bites you!
You die...

#.#........##.......#
#÷###########.......#
#.......# #########
#.......# #...#...#
#..###..#+#
#...#...#.+
#.......#S#
#.......)@#
###########


You could see a sea snake.

Vanquished Creatures
  A warg (D)
  An ogre (D)
  A centaur (D)
  A big kobold (D)
  2 quasits (D)
  An iguana (D)
  2 river rats (D)
  2 oozes (D)
  A leopard gecko (D)
  3 bats (D)
  A goblin (D)
  A rat (D)
17 creatures vanquished.

Notes
Turn   | Place    | Note
-------+----------+-------------------------------------------
     0 | D        | Fang the Gargoyle Berserker began the quest for the Orb.
     0 | D        | Reached XP level 1. HP: 14/14 MP: 1/1
    22 | D        | Found a bloodstained altar of Trog.
    22 | D        | Found a deep blue altar of Sif Muna.
    22 | D        | Found a viscous altar of Jiyva.
    22 | D        | Found a hazy altar of Hepliaklqana.
    22 | D        | Found an opulent altar of Gozag.
    23 | D        | Found a glowing golden altar of the Shining One.
    23 | D        | Found a glowing silver altar of Zin.
    23 | D        | Found a basalt altar of Yredelemnul.
    23 | D        | Found a shimmering altar of Xom.
    23 | D        | Found an ornate altar of the Wu Jian Council.
    23 | D        | Found a sacrificial altar of Ru.
    23 | D        | Found a stormy altar of Qazlal.
    23 | D        | Found an iron altar of Okawaru.
    23 | D        | Found a sparkling altar of Nemelex Xobeh.
    23 | D        | Found a burning altar of Makhleb.
    23 | D        | Found a blossoming altar of Fedhas.
    23 | D        | Found a white marble altar of Elyvilon.
    23 | D        | Found a shadowy altar of Dithmenos.
    23 | D        | Found a snail-covered altar of Cheibriados.
    25 | D        | Found a radiant altar of Vehumet.
    25 | D        | Found a corrupted altar of Lugonu.
    25 | D        | Found a roughly hewn altar of Beogh.
    71 | D        | Reached XP level 2. HP: 20/20 MP: 2/2
    74 | D        | Reached ** piety under Trog
   153 | D        | Reached *** piety under Trog
   153 | D        | Reached XP level 3. HP: 25/25 MP: 3/3
   153 | D        | Reached skill level 5 in Fighting
   154 | D        | Received a gift from Trog
   159 | D        | Reached skill level 5 in Axes
   159 | D        | Reached XP level 4. HP: 20/32 MP: 4/4
   405 | D        | Noticed a warg
   413 | D        | Killed a warg
   413 | D        | Reached skill level 1 in Stealth
   413 | D        | Reached XP level 5. HP: 37/39 MP: 5/5
   414 | D        | Noticed an ogre
   414 | D        | Noticed a big kobold
   424 | D        | Reached **** piety under Trog
   428 | D        | Killed an ogre
   428 | D        | Reached XP level 6. HP: 30/45 MP: 6/6
   444 | D        | Reached skill level 5 in Armour
   765 | D        | Reached ***** piety under Trog
   765 | D        | Reached XP level 7. HP: 52/52 MP: 7/7
   769 | D        | Noticed a sea snake
   785 | D        | HP: 3/78 [sea snake (11)]
   789 | D        | Mangled by a sea snake

Skill      XL: |  1  2  3  4  5  6 |
---------------+-------------------+-----
Axes           | 3 4 5 7 8 9 |  9.3
Dodging        | 2 3 4 |  4.5
Fighting       | 4 5 7 8 9 |  9.6
Armour         | 3 4 5 |  5.7
Stealth        | 1 2 |  2.1

Action                   |  1- 3 |  4- 6 |  7- 9 || total
-------------------------+-------+-------+-------++-------
Melee: Hand axe          |    24 |    39 |    19 ||    82
Invok: Berserk           |     1 |     1 |     1 ||     3
 Stab: Sleeping          |     1 |       |       ||     1
  Eat: Chunk             |       |     1 |       ||     1
Armor: Animal skin       |    10 |       |       ||    10
       Chain mail        |       |    34 |     6 ||    40
Dodge: Dodged            |    16 |    11 |     4 ||    31
